 Dungeon Crawl Stone Soup version 0.29-a0-398-ge13fd1374b (webtiles) character file.

Game seed: 14287202529586999732

1719 holysushi the Martial Artist (level 9, -3/46 HPs)
             Began as a Vine Stalker Monk on May 12, 2022.
             Succumbed to a killer bee's poison
             ... on level 5 of the Dungeon.
             The game lasted 00:11:43 (5085 turns).

holysushi the Martial Artist (Vine Stalker Monk)    Turns: 5085, Time: 00:11:43

Health: -3/46      AC:  5    Str: 20    XL:     9   Next: 4%
Magic:  0/13       EV: 14    Int: 12    God:
Gold:   209        SH:  5    Dex: 19    Spells: 6/12 levels left

rFire   + . .      SeeInvis .     - Unarmed
rCold   . . .      Faith    .   (no shield)
rNeg    . . .      Spirit   +   a - +0 robe
rPois   .          Reflect  +   (helmet currently unavailable)
rElec   .          Harm     .   (no cloak)
rCorr   .          Rampage  .   k - +2 pair of gloves
Will    +....                   (boots currently unavailable)
Stlth   ++........              d - amulet of reflection
HPRegen 0.95/turn               j - ring of protection from fire
MPRegen 0.13/turn               C - +6 ring of strength

@: brilliant, lethally poisoned (-3 -> -17), appendages, flying
A: horns 2, talons 2, fangs 3, regeneration 1, magic shield, antimagic bite, no
potion heal 2
a: End Transformation


You were on level 5 of the Dungeon.
You had temporarily grown beastly horns and talons.
You visited 1 branch of the dungeon, and saw 5 of its levels.

You collected 209 gold pieces.

Inventory:

Hand Weapons
 f - a +2 dagger of venom
Armour
 a - a +0 robe (worn)
 e - a +0 helmet
 k - a +2 pair of gloves (worn)
 m - a +2 hat (melded)
Jewellery
 d - an amulet of reflection (around neck)
 j - a ring of protection from fire (left hand)
 q - a ring of resist corrosion
 C - a +6 ring of strength (right hand)
Scrolls
 c - 3 scrolls of identify
 h - 3 scrolls of magic mapping {unknown}
 n - 2 scrolls of blinking
 o - a scroll of immolation {unknown}
 s - a scroll of torment {unknown}
 t - a scroll of fog {unknown}
 v - a scroll of fear {unknown}
 w - a scroll of summoning {unknown}
 y - a scroll of acquirement {unknown}
 A - 3 scrolls of enchant weapon {unknown}
 B - a scroll of enchant armour
 D - a scroll of silence {unknown}
Potions
 b - a potion of ambrosia
 g - a potion of heal wounds {unknown}
 i - 3 potions of haste
 r - a potion of curing {unknown}
 u - 2 potions of cancellation {unknown}
 x - a potion of mutation {unknown}
 z - a potion of lignification {unknown}


   Skills:
 + Level 4.5 Fighting
 + Level 3.9 Dodging
 - Level 2.4 Stealth
 * Level 9.1 Unarmed Combat
 - Level 2.0 Spellcasting
 - Level 4.0 Transmutations


You had 6 spell levels left.
You knew the following spells:

 Your Spells              Type           Power      Damage    Failure   Level
a - Beastly Appendage     Tmut           32%        N/A       5%          1
b - Wereblood             Tmut           16%        N/A       8%          2
c - Spider Form           Tmut/Pois      9%         N/A       34%         3

Your spell library contained the following spells:

 Spells                   Type           Power      Damage    Failure   Level
 Passwall                 Tmut/Erth      7%         N/A       19%         2
 Sandblast                Erth           2%         2d4       26%         1
 Dazzling Flash           Conj/Hex       2%         N/A       63%         3
 Stone Arrow              Conj/Erth      2%         3d7       63%         3
 Summon Guardian Golem    Hex/Summ       1%         N/A       63%         3
 Agony                    Necr           1%         N/A       100%        5
 Silence                  Hex/Air        0%         N/A       100%        5
 Orb of Destruction       Conj           0%         9d5       100%        7
 Spellforged Servitor     Conj/Summ      0%         N/A       100%        7


Dungeon Overview and Level Annotations

Branches:
Dungeon (5/15)
 Temple: D:4-7

Altars:
Sif Muna


Innate Abilities, Weirdness & Mutations

You have temporarily grown beastly horns and talons.
You have razor-sharp teeth.
Your natural rate of healing is unusually fast.
When hurt, damage is shared between your health and your magic reserves.
Your bite disrupts and absorbs the magic of your enemies.
Potions cannot restore your health.


Message History

The killer bee stings you. The killer bee barely misses you.
The killer bee closely misses you. The killer bee stings you.
You are more poisoned.
The killer bee poisons you!
Unknown command.
Unknown command.
You are too injured to fight recklessly!
Unknown command.
You are too injured to fight recklessly!
Unknown command.
You are too injured to fight recklessly!
Casting: Beastly Appendage (safe; 5% risk of failure)
Confirm with . or Enter, or press ? or * to list all spells.
You grow a pair of large bovine horns.
Your feet morph into talons.
Your +2 hat melds into your body.
You feel very sick. The killer bee barely misses you.
The killer bee misses you.
The killer bee stings you but does no damage.
The killer bee stings you.
You hit the killer bee but do no damage.
Your kick misses the killer bee.
The killer bee is almost dead.
You feel very sick. You block the killer bee's attack.
The killer bee stings you.
You are more poisoned.
The killer bee poisons you! The killer bee stings you.
* * * LOW HITPOINT WARNING * * *
You are lethally poisoned!
The killer bee poisons you! The killer bee stings you.
* * * LOW HITPOINT WARNING * * *
You feel very buoyant.
You fly up into the air.
* * * LOW HITPOINT WARNING * * *
You feel very sick. The killer bee barely misses you.
The killer bee stings you!
* * * LOW HITPOINT WARNING * * *
The killer bee misses you. x2
It was a potion of brilliance.
You feel clever all of a sudden.
You die...

#............#.##.......#.#
#............#.##.......#.#
#............#.##.......#.#.#
##############.##.......#.#.#
##########.##.......#.#.#
............#.......'.#.####
............#.......###.#...
...........yy...............
...........@####............
......††....# #............
............# #............
............# #............
............# #.........###
............# #.........#
............# #.........#
............# ###########
############


You could see 2 killer bees.

Vanquished Creatures
  Grinder (D:3)
  Sigmund (D:3)
  A water moccasin (D:4)
  An ogre (D:5)
  A centaur (D:5)
  3 phantoms
  A bullfrog (D:3)
  6 scorpions
  3 killer bees (D:5)
  3 hounds (D:5)
  A jelly (D:5)
  Jessica (D:3)
  5 adders
  3 gnolls (D:4)
  2 ufetubi
  3 worms (D:2)
  2 dart slugs
  4 orcs
  8 endoplasms
  A giant cockroach (D:1)
  7 goblins
  7 hobgoblins
  9 jackals
  3 quokkas
  9 ball pythons
  4 bats
  7 kobolds
  9 rats
  A spectral goblin (D:1)
107 creatures vanquished.

Notes
Turn   | Place    | Note
-------+----------+-------------------------------------------
     0 | D:1      | holysushi the Vine Stalker Monk began the quest for the
                  | Orb.
     0 | D:1      | Reached XP level 1. HP: 11/11 MP: 2/2
   570 | D:1      | Reached XP level 2. HP: 14/16 MP: 3/3
   681 | D:1      | Found a faded altar of an unknown god.
  1025 | D:1      | Reached XP level 3. HP: 19/19 MP: 4/4
  1168 | D:1      | Reached skill level 4 in Unarmed Combat
  2215 | D:2      | Gained mutation: Your natural rate of healing is unusually
                  | fast. [Vine Stalker growth]
  2215 | D:2      | Reached XP level 4. HP: 20/24 MP: 5/5
  2438 | D:2      | Noticed a phantom
  2468 | D:2      | Killed a phantom
  2469 | D:2      | Reached skill level 5 in Unarmed Combat
  2469 | D:2      | Reached XP level 5. HP: 28/28 MP: 6/6
  2568 | D:3      | Learned a level 2 spell: Wereblood
  2570 | D:3      | Learned a level 1 spell: Beastly Appendage
  2624 | D:3      | Noticed Sigmund
  2630 | D:3      | Killed Sigmund
  2631 | D:3      | Reached skill level 6 in Unarmed Combat
  2631 | D:3      | Reached skill level 1 in Spellcasting
  2631 | D:3      | Reached skill level 1 in Transmutations
  2631 | D:3      | Reached XP level 6. HP: 32/32 MP: 6/9
  2772 | D:3      | Noticed Grinder
  2795 | D:3      | Paralysed by Grinder for 3 turns
  2822 | D:3      | Paralysed by Grinder for 5 turns
  2881 | D:3      | Killed Grinder
  2882 | D:3      | Reached skill level 7 in Unarmed Combat
  2882 | D:3      | Reached XP level 7. HP: 25/36 MP: 3/11
  2892 | D:3      | Learned a level 3 spell: Spider Form
  2987 | D:3      | Noticed Jessica
  2995 | D:3      | Killed Jessica
  3590 | D:4      | Identified the +4 war axe of Death's Door {vorpal, Dex+2
                  | Stlth+}
  3636 | D:4      | Gained mutation: You have razor-sharp teeth. [Vine Stalker
                  | growth]
  3636 | D:4      | Reached XP level 8. HP: 34/40 MP: 10/12
  3660 | D:4      | Found a shimmering blue altar of Sif Muna.
  4447 | D:5      | Entered Level 5 of the Dungeon
  4466 | D:5      | Reached skill level 8 in Unarmed Combat
  5073 | D:5      | Reached skill level 9 in Unarmed Combat
  5075 | D:5      | Reached XP level 9. HP: 42/46 MP: 9/13
  5084 | D:5      | HP: 1/46 [killer bee (2)]
  5085 | D:5      | Succumbed to a killer bee's poison

Illustrated notes

Levels and vault maps discovered:
D:1:      minmay_arrival_shoal_huts, layout_basic,
          dreamdust_ecumenical_altar_drowned_temple, amethyst_killhole
D:2:      layout_basic
D:3:      layout_basic, uniq_grinder, uniq_jessica, uniq_sigmund
D:4:      layout_cave_pods, nicolae_sif_muna_little_library, serial_rivers,
          chequers_serial_rivers_micro_c, chequers_serial_rivers_micro_a,
          chequers_serial_rivers_micro_d, chequers_serial_rivers_micro_a,
          chequers_serial_rivers_micro_a, chequers_serial_rivers_small_b,
          minmay_ruptured
D:5:      layout_basic

Skill      XL: |  1  2  3  4  5  6  7  8 |
---------------+-------------------------+-----
Unarmed Combat | 4 5 6 7 9 |  9.1
Fighting       | 3 4 |  4.5
Spellcasting   | 1 2 |  2.0
Transmutations | 1 2 3 4 |  4.0
Dodging        | 3 |  3.9
Stealth        | |  2.4

Action                   |  1- 3 |  4- 6 |  7- 9 || total
-------------------------+-------+-------+-------++-------
Melee: Unarmed           |    13 |       |   119 ||   132
       Bite              |    13 |    20 |    35 ||    68
       Dagger            |    72 |    79 |       ||   151
       Punch             |     3 |     2 |     6 ||    11
       Kick              |       |       |    37 ||    37
       Headbutt          |       |       |    20 ||    20
 Cast: Beastly Appendage |       |     1 |    29 ||    30
       Wereblood         |       |       |     3 ||     3
  Use: Scroll            |       |     7 |       ||     7
       Potion            |       |     1 |     2 ||     3
 Stab: Sleeping          |     8 |     7 |     3 ||    18
       Distracted        |       |     1 |       ||     1
Armor: Robe              |    11 |    22 |    23 ||    56
Dodge: Dodged            |    31 |    38 |    64 ||   133
Block: Other             |    16 |    12 |    21 ||    49
       Reflection        |       |     1 |       ||     1

Table legend: (Time is in decaauts)
 A = Elapsed time spent in this place.
 B = Non-inter-level travel time spent in this place.
 C = Inter-level travel time spent in this place.
 D = Time resting spent in this place.
 E = Time spent auto-exploring this place.
 F = Levels seen in this place.
 G = Mean time per level.
                   A        B        C        D        E       F      G
               +--------+--------+--------+--------+--------+-----+--------+
         Total |   5069 |   4882 |    187 |    945 |   2679 |   5 | 1013.8 |
       Dungeon |   5069 |   4882 |    187 |    945 |   2679 |   5 | 1013.8 |
               +--------+--------+--------+--------+--------+-----+--------+

Top non-repeatable levels by time:
     D:1: 1468 daAuts
     D:2: 1059 daAuts
     D:3: 972 daAuts
     D:4: 940 daAuts
     D:5: 628 daAuts
